 Dungeon Crawl Stone Soup version 0.29.1-12-g30fa7ad0bf (webtiles) character file.

Game seed: 8406853741954372044

401 mrblonde90 the Chopper (level 6, -7/55 HPs)
             Began as a Hill Orc Fighter on Dec 22, 2022.
             Mangled by an ogre
             ... wielding a +0 giant club
              (20 damage)
             ... on level 4 of the Dungeon.
             The game lasted 00:08:09 (3917 turns).

mrblonde90 the Chopper (Hill Orc Fighter)           Turns: 3917, Time: 00:08:09

Health: -7/55      AC:  8    Str: 21    XL:     6   Next: 85%
Magic:  6/6        EV:  9    Int:  8    God:
Gold:   195        SH:  4    Dex: 10    Spells: 5/5 levels left

rFire   . . .      SeeInvis .   a - +0 war axe
rCold   . . .      Faith    .   c - +0 buckler
rNeg    . . .      Spirit   .   b - +0 scale mail
rPois   .          Reflect  .   (no helmet)
rElec   .          Harm     .   (no cloak)
rCorr   .          Rampage  .   g - +0 pair of gloves
Will    .....                   (no boots)
Stlth   ..........              (no amulet)
HPRegen 0.18/turn               (no ring)
MPRegen 0.10/turn               (no ring)

@: no status effects
A: no striking features
a: no special abilities


You were on level 4 of the Dungeon.
You visited 1 branch of the dungeon, and saw 6 of its levels.

You collected 195 gold pieces.

Inventory:

Hand Weapons
 a - a +0 war axe (weapon)
Armour
 b - a +0 scale mail (worn)
 c - a +0 buckler (worn)
 g - a +0 pair of gloves (worn)
 i - a +0 ring mail
Scrolls
 d - a scroll of acquirement {unknown}
 e - 2 scrolls of noise
 m - a scroll of magic mapping {unknown}
 n - a scroll of identify {unknown}
 p - a scroll of teleportation {unknown}
Potions
 f - a potion of degeneration {unknown}
 h - a potion of heal wounds {unknown}
 j - a potion of magic {unknown}
 k - a potion of brilliance {unknown}
 l - a potion of flight {unknown}
 o - a potion of lignification {unknown}


   Skills:
 + Level 4.8 Fighting
 + Level 6.1 Axes
 + Level 5.0 Armour
 + Level 1.3 Dodging
 + Level 0.3 Stealth
 + Level 4.0 Shields


You had 5 spell levels left.
You didn't know any spells.
Your spell library contained the following spells:

 Spells                   Type           Power      Damage    Failure   Level
 Blink                    Tloc           0%         N/A       92%         2
 Lesser Beckoning         Tloc           0%         N/A       99%         3
 Manifold Assault         Tloc           0%         N/A       100%        5


Dungeon Overview and Level Annotations

Branches:
Dungeon (6/15)
 Temple: D:4-7

Altars:
Wu Jian

Annotations:
D:3 4 runed translucent doors, Crazy Yiuf; diceflayer's ghost, amateur DsHu
D:6 Grinder


Message History

You see here a +0 dagger.
There is a stone staircase leading down here.
You climb downwards.
The adder hisses angrily.
The ball python barely misses you. You block the ball python's attack.
The ball python bites you. The ball python grabs you.
The ball python constricts you.
There is a stone staircase leading up here.
You barely miss the ball python.
The ball python bites you but does no damage.
The ball python constricts you.
You barely miss the ball python. The ball python barely misses you.
The ball python constricts you.
The ball python bites you but does no damage.
The ball python constricts you.
You hit the ball python.
The ball python is moderately wounded.
You slash the ogre! The ogre hits you with a +0 giant club!
You block the ball python's attack. The ball python constricts you.
You block the adder's attack.
The ball python bites you but does no damage.
The ball python constricts you.
You slash the ogre!
The ogre is severely wounded.
You slash the adder! You closely miss the ball python.
The adder bites you but does no damage. The ogre barely misses you.
The ball python bites you but does no damage.
The ball python constricts you. The adder bites you but does no damage.
You hit the ogre.
The ogre is severely wounded.
You closely miss the adder. You hit the ball python.
You kill the ball python!
You block the adder's attack.
The ogre hits you with a +0 giant club!!
* * * LOW HITPOINT WARNING * * *
You hit the ogre.
The ogre is almost dead.
You barely miss the adder. The adder closely misses you.
The ogre hits you with a +0 giant club!!
You die...

..... ... .##
...... ##
.......## .....
#.#.... ....
#...#. ... #.gSO#
..###.†@##
..###...# . .
###.# #...#
....##...###...#
...............#
...............#
#....##.........#
.##....#.......##.
....####..........


You could see an ogre, an adder and a goblin.

Vanquished Creatures
  A necrophage (D:3)
  3 scorpions
  An iguana (D:5)
  2 orc wizards
  3 adders
  A worm (D:2)
  A dart slug (D:2)
  2 orcs
  10 bats
  3 endoplasms
  2 giant cockroaches
  6 goblins
  2 hobgoblins
  2 quokkas
  8 ball pythons
  2 frilled lizards (D:2)
  2 kobolds (D:2)
  6 rats
57 creatures vanquished.

Notes
Turn   | Place    | Note
-------+----------+-------------------------------------------
     0 | D:1      | mrblonde90 the Hill Orc Fighter began the quest for the
                  | Orb.
     0 | D:1      | Reached XP level 1. HP: 19/19 MP: 1/1
   271 | D:1      | Reached XP level 2. HP: 27/27 MP: 2/2
   942 | D:2      | Reached skill level 3 in Axes
  1059 | D:2      | Reached XP level 3. HP: 33/33 MP: 3/3
  1600 | D:2      | Found a faded altar of an unknown god.
  1790 | D:3      | Noticed a necrophage
  1868 | D:2      | Reached XP level 4. HP: 27/40 MP: 4/4
  2174 | D:3      | Reached skill level 4 in Axes
  2327 | D:3      | Killed a necrophage
  2328 | D:3      | Reached skill level 1 in Dodging
  2328 | D:3      | Reached XP level 5. HP: 39/47 MP: 5/5
  2688 | D:3      | Reached skill level 5 in Axes
  2930 | D:3      | Found a runed translucent door.
  2930 | D:3      | You fall into a shaft and drop 3 floors!
  2938 | D:6      | Noticed Grinder
  2962 | D:6      | Reached XP level 6. HP: 33/53 MP: 6/6
  3009 | D:5      | Entered Level 5 of the Dungeon
  3451 | D:4      | Reached skill level 6 in Axes
  3451 | D:4      | Reached skill level 5 in Armour
  3541 | D:3      | Found an ornate altar of the Wu Jian Council.
  3615 | D:3      | Found a runed translucent gate.
  3615 | D:3      | Found a runed translucent gate.
  3615 | D:3      | Found a runed translucent gate.
  3615 | D:3      | Noticed diceflayer's ghost (amateur DsHu)
  3764 | D:3      | Noticed Crazy Yiuf
  3917 | D:4      | Mangled by an ogre

Illustrated notes

Levels and vault maps discovered:
D:1:      dpeg_arrival_rooms_with_view, layout_basic
D:2:      minmay_general_purpose_star, layout_basic,
          shapermc_ecumenical_altar_petra
D:3:      layout_basic, nicolae_wu_jian_immortal_techniques,
          gammafunk_ghost_nasty_kobolds, uniq_crazy_yiuf_cottage
D:4:      layout_cave_pools, fedhas_altar_1, kennysheep_slug_shrine,
          minmay_temple_entry_metal_lava
D:5:      layout_rooms, serial_shops, kennysheep_mini_moat, minmay_starry_boxes
D:6:      layout_basic, tgw_xom, ebering_ghost_reflecting_pool, st_stairs_4,
          uniq_grinder

Skill      XL: |  1  2  3  4  5  6 |
---------------+-------------------+-----
Fighting       | 4 |  4.8
Axes           | 3 4 5 6 |  6.1
Armour         | 4 5 |  5.0
Dodging        | 1 |  1.3
Shields        | 4 |  4.0
Stealth        | |  0.3

Action                   |  1- 3 |  4- 6 || total
-------------------------+-------+-------++-------
Melee: War axe           |   114 |    86 ||   200
  Use: Scroll            |     3 |     1 ||     4
       Potion            |       |     1 ||     1
Armor: Scale mail        |    73 |    74 ||   147
Dodge: Dodged            |    61 |    52 ||   113
Block: Buckler           |    33 |    39 ||    72
